 Dungeon Crawl Stone Soup version 5.2-56-g927a965 (console) character file.

702 prospero the Martial Artist (level 9, -1/49 HPs)
             Began as a Vine Stalker Monk on Dec 31, 2017.
             Was a High Priest of Ru.
             Slain by an orc warlord
             ... wielding a +0 broad axe
              (8 damage)
             ... in a bailey.
             The game lasted 00:17:35 (6986 turns).

prospero the Martial Artist (Vine Stalker Monk)     Turns: 6986, Time: 00:17:36

Health: -1/49      AC: 10 (14%)Str: 17  XL:     9   Next: 17%
Magic:  0/10       EV: 11    Int: 13    God:    Ru [5*[145]]
Gold:   575        SH:  0    Dex: 17    Spells: 8/8 levels left

rFire    x . .     SeeInvis .     - Unarmed
rCold    x . .     Faith    .   (no shield)
rNeg     . . .     Spirit   +   o - +0 leather armour
rPois    .         Reflect  .   a - +2 helmet {Int+3}
rElec    .                      x - +0 cloak
rCorr    +                      z - +2 pair of gloves
MR       +....                  (no boots)
Stlth    ++........             (no amulet)
Regen    0.6/turn               p - ring of resist corrosion
MPRegen  0.2/turn               (no ring)

@: exhausted, very slightly contaminated, hasted, drained, very quick
A: fangs 3, regeneration 1, magic shield, antimagic bite, no device heal 3, rot
immunity, no fire magic, no summoning magic, no transmutations magic, unskilled
1, temperature sensitive
a: Draw Out Power, Power Leap, Apocalypse, Renounce Religion


You were in a bailey.
You worshipped Ru.
Ru was extremely pleased with you.
You were not hungry.

You visited 1 branch of the dungeon, and saw 7 of its levels.
You also visited: Bailey.

You collected 575 gold pieces.

Inventory:

Missiles
 b - 551 arrows
 d - 176 poisoned darts (quivered)
 e - 267 bolts
 g - 2193 stones
 m - 6 curare darts
 u - 415 tomahawks
Armour
 a - a +2 helmet of intelligence (worn)
 n - a +0 shield
 o - a +0 leather armour (worn)
 x - a +0 cloak (worn)
 z - a +2 pair of gloves (worn)
 B - the +1 chain mail "Qitoh" {rPois rF+ Int+2}
   (You took it off a kobold on level 6 of the Dungeon)

   It affects your intelligence (+2).
   It protects you from fire.
   It protects you from poison.
Jewellery
 p - a ring of resist corrosion (left hand)
Wands
 y - a wand of flame (12)
Scrolls
 c - 4 scrolls of blinking
 l - 4 scrolls of teleportation
 q - a scroll of fear
 s - a scroll of enchant armour
 t - a scroll of amnesia
 w - 2 scrolls of magic mapping
 A - 2 scrolls of fog
Potions
 f - a potion of haste
 h - 3 potions of curing
 i - a potion of cancellation
 j - a potion of magic
 k - 2 potions of augmentation
 r - a potion of lignification


   Skills:
 + Level 6.3(5.1) Fighting
 - Level 2.1(1.1) Dodging
 - Level 2.1(1.1) Stealth
 - Level 9.0(7.7) Unarmed Combat


You had 8 spell levels left.
You didn't know any spells.

Dungeon Overview and Level Annotations

Branches:
Dungeon (7/15)

Altars:
Cheibriados
Dithmenos
Elyvilon
Gozag
Hepliaklqana
Jiyva
Kikubaaqudgha
Makhleb
Nemelex Xobeh
Okawaru
Qazlal
Ru
Sif Muna
Trog
Uskayaw
Vehumet
Wu Jian
Yredelemnul
Zin
The Shining One


Innate Abilities, Weirdness & Mutations

You have razor-sharp teeth.
Your natural rate of healing is unusually fast.
When hurt, damage is shared between your health and your magic reserves.
Your bite disrupts and absorbs the magic of your enemies.
Potions cannot restore your health.
You are immune to rotting.
You cannot study or cast Fire magic.
You cannot study or cast Summoning magic.
You cannot study or cast Transmutations magic.
You are somewhat unskilled. (-1 Apt)
You are sensitive to extremes of temperature. (rF-, rC-)


Message History

You don't have enough magic at the moment.
Okay, then.
You feel yourself speed up.
The orc warlord hits you with a +0 broad axe (2).
You are very lightly contaminated with residual magic.
You punch the orc warlord (7)!
You punch the orc warlord, but do no damage.
You bite the orc warlord, but do no damage.
The orc warlord is severely wounded.
You barely miss the orc warlord.
The orc warlord is severely wounded.
You barely miss the orc warlord. Your bite misses the orc warlord.
The orc warlord is severely wounded.
The orc warlord hits you with a +0 broad axe (21)!!
* * * LOW HITPOINT WARNING * * *
Okay, then.
Magic courses through your body.
You're too exhausted to unleash your apocalyptic power.
The orc warlord hits you with a +0 broad axe (18)!!
You die...

≈≈##..)).....#≈≈≈≈≈#...8..8..##
≈≈#..........#≈≈≈≈≈#..........#
≈≈#..8..8....'.....'..........#
≈≈#........#########......8...#
≈≈##......##≈≈≈#≈≈≈####......##
...##.....#≈}.....≈#≈≈#.))..##
....##....#≈?........≈#....##
.....#....##8.8...8.8≈##...#
.....'.....#.........≈≈)...#
.∩...'.....#...o∩....)≈'...#
.....'.....#....@....≈≈'...#
.....#....##8.8...8.8≈##...#
....##....#≈?........≈#....##
...##.....#≈}.....≈#≈≈#.....##
≈≈##......##≈≈≈#≈≈≈####......#
≈≈#........#########......8...#
≈≈#..8..8....?..!..'..........#
≈≈#....)...))#≈≈≈≈≈#.........?#
≈≈##.........#≈≈≈≈≈#...8..8..##
≈≈≈##..)8...##≈≈≈≈≈##.......##
♣≈≈≈##.....##.......##.....##


You could see an orc warlord.

Vanquished Creatures
  5 orc warriors
  2 water moccasins
  An ice beast (D:6)
  A big kobold (D:6)
  A wyvern zombie (D:5)
  2 scorpions (D:3)
  A crimson imp (D:6)
  A howler monkey (D:5)
  A centaur zombie (D:5)
  3 quasits
  2 hounds
  An orc priest (D:6)
  A bullfrog skeleton (D:6)
  A centaur skeleton (D:4)
  A gnoll shaman (D:5)
  2 orc wizards (D:6)
  A worker ant (D:5)
  4 iguanas
  2 hound skeletons
  12 gnolls
  6 adders
  3 shadow imps (D:5)
  4 oozes
  An adder skeleton (D:4)
  2 dart slugs
  11 orcs
  8 quokkas
  A ball python (D:4)
  11 bats
  4 giant cockroaches
  16 goblins
  14 hobgoblins
  4 jackals (D:5)
  A frilled lizard (D:4)
  44 kobolds
  3 quokka skeletons
  5 rats
183 creatures vanquished.

Vanquished Creatures (others)
  A kobold (Bailey)
1 creature vanquished.

Grand Total: 184 creatures vanquished

Notes
Turn   | Place    | Note
-------+----------+-------------------------------------------
     0 | D:1      | prospero the Vine Stalker Monk began the quest for the Orb.
     0 | D:1      | Reached XP level 1. HP: 11/11 MP: 2/2
   174 | D:1      | Reached XP level 2. HP: 7/16 MP: 3/3
   579 | D:1      | Reached skill level 4 in Unarmed Combat
   640 | D:1      | Reached XP level 3. HP: 12/19 MP: 2/4
  1049 | D:2      | Found a snail-covered altar of Cheibriados.
  1063 | D:2      | Found a bloodstained altar of Trog.
  1123 | D:2      | Gained mutation: Your natural rate of healing is unusually fast. [Vine Stalker growth]
  1123 | D:2      | Reached XP level 4. HP: 8/23 MP: 5/5
  1270 | D:2      | Found a faded altar of an unknown god.
  1375 | D:2      | Found an opulent altar of Gozag.
  1441 | D:2      | Found an ornate altar of the Wu Jian Council.
  1441 | D:2      | Found a sacrificial altar of Ru.
  1441 | D:2      | Found a hide-covered altar of Uskayaw.
  1442 | D:2      | Found a glowing silver altar of Zin.
  1449 | D:2      | Found an ancient bone altar of Kikubaaqudgha.
  1449 | D:2      | Found a radiant altar of Vehumet.
  1567 | D:2      | Reached skill level 5 in Unarmed Combat
  1623 | D:2      | Found an iron altar of Okawaru.
  1698 | D:2      | Became a worshipper of Ru the Awakened
  1708 | D:2      | Gained mutation: You are somewhat unskilled. (-1 Apt) [Ru sacrifice]
  1708 | D:2      | Reduced skill Unarmed Combat to level 4
  1708 | D:2      | Reached * piety under Ru
  1708 | D:2      | Reached ** piety under Ru
  1944 | D:3      | Found a sparkling altar of Nemelex Xobeh.
  2239 | D:3      | Reached skill level 5 in Unarmed Combat
  2239 | D:3      | Reached XP level 5. HP: 4/27 MP: 1/6
  2683 | D:4      | Reached skill level 6 in Unarmed Combat
  2683 | D:4      | Reached XP level 6. HP: 29/32 MP: 7/7
  2933 | D:4      | Found a basalt altar of Yredelemnul.
  2953 | D:4      | Found a viscous altar of Jiyva.
  3051 | D:4      | Found a glowing golden altar of the Shining One.
  3173 | D:4      | Found a white marble altar of Elyvilon.
  3498 | D:5      | Entered Level 5 of the Dungeon
  3554 | D:5      | Found a stormy altar of Qazlal.
  3604 | D:5      | Found a burning altar of Makhleb.
  3612 | D:5      | Reached skill level 7 in Unarmed Combat
  3612 | D:5      | Reached XP level 7. HP: 18/35 MP: 3/8
  4746 | D:5      | Gained mutation: You cannot study or cast Fire magic. [Ru sacrifice]
  4746 | D:5      | Gained mutation: You cannot study or cast Transmutations magic. [Ru sacrifice]
  4746 | D:5      | Gained mutation: You cannot study or cast Summoning magic. [Ru sacrifice]
  4936 | D:5      | Reached skill level 8 in Unarmed Combat
  4944 | D:5      | Found a hazy altar of Hepliaklqana.
  5014 | D:5      | Found a deep blue altar of Sif Muna.
  5096 | D:5      | Found a shadowy altar of Dithmenos.
  5216 | D:6      | Gained mutation: You have razor-sharp teeth. [Vine Stalker growth]
  5216 | D:6      | Reached XP level 8. HP: 38/39 MP: 9/9
  5440 | D:6      | Reached skill level 9 in Unarmed Combat
  6138 | D:6      | Reached skill level 5 in Fighting
  6376 | D:6      | Got the +1 chain mail "Qitoh" {rPois rF+ Int+2}
  6432 | D:7      | Found a flagged portal.
  6449 | Bailey   | Entered a bailey
  6600 | Bailey   | Noticed an orc warlord
  6714 | Bailey   | Gained mutation: You are sensitive to extremes of temperature. (rF-, rC-) [Ru sacrifice]
  6714 | Bailey   | Reached *** piety under Ru
  6714 | Bailey   | Reached **** piety under Ru
  6714 | Bailey   | Reached ***** piety under Ru
  6722 | Bailey   | Reached XP level 9. HP: 11/48 MP: 4/10
  6872 | Bailey   | Found a runed gate.
  6872 | Bailey   | Found a runed gate.
  6872 | Bailey   | Found a runed gate.
  6972 | Bailey   | HP: 2/49 [orc warlord/+0 broad axe (16)]
  6986 | Bailey   | Slain by an orc warlord

Skill      XL: |  1  2  3  4  5  6  7  8  9 |
---------------+----------------------------+-----
Unarmed Combat | 4 5 6 7 8 9 |  9.0
Fighting       | 5 6 |  6.3
Dodging        | |  2.1
Stealth        | |  2.1

Action                   |  1- 3 |  4- 6 |  7- 9 || total
-------------------------+-------+-------+-------++-------
Melee: Unarmed           |   107 |   170 |   350 ||   627
       Bite              |    21 |    53 |   107 ||   181
       Punch             |       |       |    19 ||    19
Throw: Poisoned dart     |     1 |       |       ||     1
Invok: Sacrifice Skill   |       |     1 |       ||     1
       Sacrifice Arcana  |       |       |     1 ||     1
       Sacrifice Resista |       |       |     1 ||     1
       Apocalypse        |       |       |     1 ||     1
Evoke: Wand              |       |     3 |       ||     3
  Use: Potion            |       |       |     4 ||     4
       Scroll            |       |       |     1 ||     1
 Stab: Sleeping          |     7 |     7 |     2 ||    16
       Invisible         |       |     1 |     3 ||     4
       Paralysed         |       |       |     8 ||     8
       Distracted        |       |       |     1 ||     1
Armor: Robe              |    21 |    31 |    37 ||    89
       Leather armour    |       |       |    40 ||    40
Dodge: Dodged            |    77 |   123 |   221 ||   421
